 Dungeon Crawl Stone Soup version 0.31-a0-165-g3f4f80340b (webtiles) character file.

Game seed: 3117708810191385530

112 qw the Shooter (level 4, -5/42 HPs)
             Began as a Naga Hunter on June 13, 2023.
             Slain by a black bear (7 damage)
             ... on level 4 of the Dungeon.
             The game lasted 00:00:51 (2009 turns).

qw the Shooter (Naga Hunter)                        Turns: 2009, Time: 00:00:51

Health: -5/42      AC:  2    Str: 14    XL:     4   Next: 93%
Magic:  4/4        EV:  9    Int:  9    God:
Gold:   149        SH:  0    Dex: 16    Spells: 3/3 levels left

rFire   . . .        Y - +0 shortbow
rCold   . . .        (shield currently unavailable)
rNeg    . . .        c - +0 leather armour
rPois   +            (no helmet)
rElec   .            (no cloak)
rCorr   .            (no gloves)
SInv    +            (no barding)
Will    .....        (no amulet)
Stlth   ++           (no ring)
HPRegen 0.27/turn    (no ring)
MPRegen 0.09/turn

%: no passive effects
@: about to teleport, very slow
A: AC +1, large, see invisible, deformed body, poison resistance, slowness 2,
spit poison 1, naga tail 1
a: Spit Poison


You were on level 4 of the Dungeon.
You visited 1 branch of the dungeon, and saw 4 of its levels.

You collected 149 gold pieces.


Innate Abilities, Weirdness & Mutations

Your serpentine skin is tough. (AC +1)
You have supernaturally acute eyesight. (SInv)
Armour fits poorly on your strangely shaped body.
Your system is resistant to poisons. (rPois)
You cover ground very slowly.
You can spit poison.
You have a snake-like lower body.


   Skills:
 - Level 3.0 Fighting
 + Level 5.1 Ranged Weapons
 - Level 1.5 Dodging
 - Level 1.5 Stealth


You had 3 spell levels left.
You didn't know any spells.
Your spell library was empty.

Inventory:

Hand Weapons
 Y - a +0 shortbow (weapon)
Armour
 c - a +0 leather armour (worn)
Scrolls
 a - a scroll of identify
Potions
 f - a potion of cancellation {unknown}
 g - a potion of invisibility {unknown}
 h - a potion of might
 i - a potion of brilliance {unknown}
 j - a potion of curing {unknown}
 k - a potion of mutation {unknown}
 l - a potion of degeneration {unknown}
 o - a potion of heal wounds {unknown}

Dungeon Overview and Level Annotations

Branches:
Dungeon (4/15)
 Temple: D:4-7

Altars:

Shops:
D:1 [   D:2 =

Annotations:
D:2 exclusion: frilled lizard
D:3 2 transporters, qw's ghost, weakling GrFi


Message History

The black bear is lightly wounded.
You have got your breath back.
The black bear bites you.
The black bear claws you but does no damage.
The black bear barely misses you. The black bear bites you.
The black bear barely misses you.
The black bear claws you but does no damage.
2003 ||| INVOKING Spit Poison.
Aiming: Spit Poison (1% risk of failure)
Press: ? - help, Shift-Dir - straight line, f/p - black bear The splash of poison hits the black bear but does no damage.
The black bear is poisoned.
The black bear is lightly wounded.
The black bear bites you. The black bear claws you. x2
You shoot an arrow. The arrow hits the black bear.
The black bear is moderately wounded.
The black bear bites you. The black bear closely misses you.
The black bear claws you.
You shoot an arrow. The arrow barely misses the black bear.
The black bear bites you. The black bear barely misses you. x2
You shoot an arrow. The arrow hits the black bear.
The black bear is heavily wounded.
The black bear bites you but does no damage.
The black bear closely misses you. The black bear claws you.
You shoot an arrow. The arrow hits the black bear.
The black bear is severely wounded.
The black bear bites you. The black bear barely misses you.
The black bear claws you.
You shoot an arrow.
The arrow hits the black bear but does no damage.
The black bear is severely wounded.
You have got your breath back.
The black bear barely misses you. The black bear claws you. x2
The black bear bites you. The black bear barely misses you.
The black bear claws you.
2009 ||| READING scroll of teleportation.
As you read the scroll of teleportation, it crumbles to dust.
You feel strangely unstable. The black bear bites you!
You die...

####.#..
#....#.#
#......
#....##
......
#...#
###h..#
#<'@..#
###...#
#...#
#...#
#...#
#...#
#####


You could see a black bear (poisoned).

Vanquished Creatures
  3 gnolls (D:3)
  3 adders
  2 worms
  A dart slug (D:2)
  5 orcs (D:3)
  3 ball pythons (D:3)
  3 bats
  An endoplasm (D:1)
  2 giant cockroaches
  2 goblins (D:3)
  2 hobgoblins (D:2)
  7 jackals
  A quokka (D:3)
  4 frilled lizards
  A kobold (D:3)
  5 rats
45 creatures vanquished.

Notes
Turn   | Place    | Note
-------+----------+-------------------------------------------
     0 | D:1      | qw the Naga Hunter began the quest for the Orb.
     0 | D:1      | Reached XP level 1. HP: 19/19 MP: 1/1
     0 | D:1      | 0 ||| qw: Version: 0.2-a-29-gc1b59c4
     0 | D:1      | 0 ||| qw: Game counter: 4790
     0 | D:1      | 0 ||| qw: Always use a shield: true
     0 | D:1      | 0 ||| qw: God list: Okawaru
     0 | D:1      | 0 ||| qw: Allow faded altars: false
     0 | D:1      | 0 ||| qw: Do Orc after D:15 true
     0 | D:1      | 0 ||| qw: Do second Lair branch before Depths: true
     0 | D:1      | 0 ||| qw: Lair rune preference: random
     0 | D:1      | 0 ||| qw: Plans: Normal
     0 | D:1      | 0 ||| PLANNING D:1-11
     2 | D:1      | Noticed a naga
     2 | D:1      | Noticed a tengu
     4 | D:1      | Noticed an armataur
     4 | D:1      | Noticed an ogre
     6 | D:1      | Noticed a felid
     6 | D:1      | Noticed a minotaur
     8 | D:1      | Noticed an elf
     8 | D:1      | Noticed a gargoyle
    11 | D:1      | Noticed a troll
    13 | D:1      | Noticed a vampire
    13 | D:1      | Noticed a ghoul
    15 | D:1      | Noticed a merfolk
    17 | D:1      | Noticed a spriggan
    17 | D:1      | Noticed a formicid
    19 | D:1      | Noticed a demonspawn
    19 | D:1      | Noticed an octopode
    21 | D:1      | Noticed a draconian
    21 | D:1      | Noticed a meteoran
    23 | D:1      | Noticed a demigod
    25 | D:1      | Noticed a felid
    25 | D:1      | Noticed a human
    27 | D:1      | Noticed a vampire
    27 | D:1      | Noticed a spriggan
    34 | D:1      | 34 ||| INVOKING Spit Poison.
    78 | D:1      | Found Ojurru's Armour Shoppe.
    83 | D:1      | 83 ||| SHOPLISTING +0 pair of gloves (63 gold, have 24).
    83 | D:1      | 83 ||| SHOPLISTING +1 ring mail of cold resistance (224
                  | gold, have 24).
    87 | D:1      | 87 ||| INVOKING Spit Poison.
   241 | D:1      | 241 ||| INVOKING Spit Poison.
   246 | D:1      | 246 ||| INVOKING Spit Poison.
   248 | D:1      | Reached skill level 4 in Ranged Weapons
   248 | D:1      | Reached XP level 2. HP: 8/26 MP: 2/2
   418 | D:1      | 418 ||| READING 4 scrolls labelled VOIMYD ONTUW.
   419 | D:1      | 419 ||| READING scroll labelled PANLES USHAE.
   422 | D:1      | 422 ||| READING scroll labelled KEJYLU SUCWUWA.
   423 | D:1      | 423 ||| READING 3 scrolls of identify.
   423 | D:1      | 423 ||| IDENTIFYING fuming brown potion
   424 | D:1      | 424 ||| READING 2 scrolls of identify.
   424 | D:1      | 424 ||| IDENTIFYING black potion
   425 | D:1      | 425 ||| DROPPING scroll of butterflies.
   426 | D:1      | 426 ||| DROPPING potion of attraction.
   471 | D:2      | 471 ||| INVOKING Spit Poison.
   485 | D:2      | Found Watreime's Jewellery Emporium.
   553 | D:2      | You fall into a shaft and drop 1 floor!
   610 | D:3      | 610 ||| INVOKING Spit Poison.
   615 | D:3      | 615 ||| INVOKING Spit Poison.
   620 | D:3      | 620 ||| INVOKING Spit Poison.
   645 | D:3      | 645 ||| INVOKING Spit Poison.
   709 | D:3      | 709 ||| READING scroll labelled RAEL REEDGHIONG.
   710 | D:3      | 710 ||| READING scroll labelled NATANI XIVVICE.
   717 | D:2      | 717 ||| INVOKING Spit Poison.
   722 | D:2      | 722 ||| INVOKING Spit Poison.
   725 | D:2      | Reached XP level 3. HP: 16/32 MP: 3/3
   729 | D:2      | 729 ||| INVOKING Spit Poison.
   801 | D:2      | 801 ||| INVOKING Spit Poison.
   805 | D:2      | 805 ||| INVOKING Spit Poison.
   891 | D:2      | 891 ||| INVOKING Spit Poison.
   927 | D:2      | 927 ||| INVOKING Spit Poison.
   990 | D:2      | 990 ||| INVOKING Spit Poison.
  1028 | D:2      | 1028 ||| INVOKING Spit Poison.
  1031 | D:2      | 1031 ||| INVOKING Spit Poison.
  1032 | D:2      | 1032 ||| INVOKING Spit Poison.
  1111 | D:2      | 1111 ||| INVOKING Spit Poison.
  1174 | D:2      | 1174 ||| INVOKING Spit Poison.
  1357 | D:2      | 1357 ||| READING scroll labelled GUEDOCKOSE.
  1494 | D:3      | 1494 ||| INVOKING Spit Poison.
  1511 | D:3      | 1511 ||| INVOKING Spit Poison.
  1516 | D:3      | 1516 ||| INVOKING Spit Poison.
  1580 | D:3      | 1580 ||| INVOKING Spit Poison.
  1585 | D:3      | 1585 ||| INVOKING Spit Poison.
  1586 | D:3      | 1586 ||| INVOKING Spit Poison.
  1589 | D:3      | Reached skill level 5 in Ranged Weapons
  1589 | D:3      | Reached XP level 4. HP: 39/39 MP: 4/4
  1590 | D:3      | 1590 ||| INVOKING Spit Poison.
  1613 | D:3      | 1613 ||| INVOKING Spit Poison.
  1650 | D:3      | Found a transporter.
  1651 | D:3      | Noticed qw's ghost (weakling GrFi)
  1653 | D:3      | Found a transporter.
  1687 | D:3      | 1687 ||| INVOKING Spit Poison.
  1792 | D:3      | 1792 ||| INVOKING Spit Poison.
  1798 | D:3      | 1798 ||| INVOKING Spit Poison.
  1807 | D:3      | 1807 ||| INVOKING Spit Poison.
  1848 | D:3      | 1848 ||| INVOKING Spit Poison.
  1850 | D:3      | Reached skill level 3 in Fighting
  1966 | D:3      | 1966 ||| READING scroll labelled ZOIRHETS MOGOB.
  1967 | D:3      | 1967 ||| READING scroll labelled OCEXOFF POIPU.
  1968 | D:3      | 1968 ||| DRINKING 2 viscous puce potions.
  1969 | D:3      | 1969 ||| READING 2 scrolls of identify.
  1969 | D:3      | 1969 ||| IDENTIFYING yellow potion
  1970 | D:3      | 1970 ||| DROPPING potion of enlightenment.
  1971 | D:3      | 1971 ||| DROPPING potion of ambrosia.
  1998 | D:4      | Noticed a black bear
  1999 | D:4      | 1999 ||| INVOKING Spit Poison.
  2003 | D:4      | 2003 ||| INVOKING Spit Poison.
  2008 | D:4      | HP: 9/42 [black bear (4)]
  2008 | D:4      | HP: 4/42 [black bear (4)]
  2009 | D:4      | 2009 ||| READING scroll of teleportation.
  2009 | D:4      | Slain by a black bear

Levels and vault maps discovered:
D:1:      kb_arrival_jail, layout_rooms, serial_shops,
          nicolae_shop_just_a_little_nook, minivault_4
D:2:      layout_loops_cross, serial_shops, shop_statue, hangedman_decor_points,
          kennysheep_nondescript
D:3:      layout_loops_ring, gammafunk_ghost_arena, minmay_ruptured
D:4:      layout_basic, nicolae_gozag_seed_capital,
          minmay_temple_entry_junction, nicolae_hexahallways

Skill      XL: |  1  2  3  4 |
---------------+-------------+-----
Ranged Weapons | 4 5 |  5.1
Fighting       | 3 |  3.0
Dodging        | |  1.5
Stealth        | |  1.5

Action                     |  1- 3 |  4- 6 || total
---------------------------+-------+-------++-------
   Fire: Shortbow          |    56 |    35 ||    91
Ability: Spit Poison       |    26 |     9 ||    35
    Use: Scroll            |     8 |     4 ||    12
         Potion            |       |     1 ||     1
 Armour: Leather armour    |     9 |     5 ||    14
  Dodge: Dodged            |    29 |    11 ||    40

Table legend:
 A = Non-vault XP
 B = Vault XP
 C = Vault XP percentage of total XP
 D = Non-vault monster count
 E = Vault monster count
 F = Vault count percentage of total count
                 A         B        C        D         E       F
            +---------+---------+-------+---------+---------+-------
      Total |     153 |       7 |   4.4 |      42 |       3 |   6.7
            +---------+---------+-------+---------+---------+-------
        D:1 |      14 |       0 |   0.0 |       8 |       0 |   0.0
        D:2 |      49 |       0 |   0.0 |      14 |       0 |   0.0
        D:3 |      90 |       7 |   7.2 |      20 |       3 |  13.0
            +---------+---------+-------+---------+---------+-------
